 Dungeon Sprint DCSS version 0.28-a0-1234-g826d19b2e0 (webtiles) character file.

Game seed: 9990479934977213373

1771 rocky1 the Gelid (level 9, -5/78 HPs)
             Began as a Gargoyle Ice Elementalist on Dec 24, 2021.
             Was a High Priest of Sif Muna.
             Slain by a freezing wraith (18 damage)
             ... in the Dungeon (Sprint VII: "The Pits").
             The game lasted 00:07:07 (2309 turns).

rocky1 the Gelid (Gargoyle Ice Elementalist)        Turns: 2309, Time: 00:07:07

Health: -5/78      AC: 21    Str: 12    XL:     9   Next: 7%
Magic:  14/20      EV: 12    Int: 20    God:    Sif Muna [*****.]
Gold:   0          SH:  0    Dex: 10    Spells: 12/23 levels left

rFire   . . .      SeeInvis .   l - +1 quarterstaff (speed)
rCold   . . .      Faith    .   (shield currently unavailable)
rNeg    + . .      Spirit   .   a - +0 robe
rPois   ∞          Reflect  .   s - +0 helmet
rElec   +          Harm     .   t - +0 cloak
rCorr   .          Rampage  .   u - +0 pair of gloves
Will    .....      NoTele   +   (no boots)
Stlth   ..........              (no amulet)
HPRegen 0.23/turn               (no ring)
MPRegen 0.17/turn               (no ring)

@: berserking, ice-armoured, freezing walls, slowed
A: sickness immunity, AC +6, negative energy resistance 1, electricity
resistance, torment resistance 1, petrification resistance
a: Renounce Religion, Channel Magic, Forget Spell, Divine Exegesis


You were in the Dungeon.
You worshipped Sif Muna.
Sif Muna was extremely pleased with you.
You visited 1 branch

Inventory:

Hand Weapons
 k - a +4 flail of protection
 l - a +1 quarterstaff of speed (weapon)
 v - a +2 morningstar of protection
 w - a +0 lajatang
 x - a +1 broad axe of freezing
Missiles
 m - 2 throwing nets
Armour
 a - a +0 robe (worn)
 s - a +0 helmet (worn)
 t - a +0 cloak (worn)
 u - a +0 pair of gloves (worn)
Jewellery
 n - a +3 ring of strength
 o - a +3 ring of strength
Scrolls
 g - a scroll of blinking
 i - 5 scrolls of amnesia
 j - a scroll of summoning
Potions
 b - 7 potions of curing
 c - 7 potions of heal wounds
 d - 2 potions of haste
 e - a potion of magic
 f - 2 potions of berserk rage
 h - 2 potions of invisibility
 p - a potion of resistance
 q - a potion of brilliance
 r - a potion of mutation


   Skills:
 + Level 4.5 Fighting
 - Level 1.6 Dodging
 - Level 2.2 Stealth
 + Level 7.5 Spellcasting
 + Level 4.5 Conjurations
 + Level 15.6 Ice Magic
 + Level 8.4 Invocations


You had 12 spell levels left.
You knew the following spells:

 Your Spells              Type           Power      Damage    Failure   Level
a - Freeze                Ice            100%       1d11      0%          1
b - Frozen Ramparts       Ice            100%       1d12      1%          3
c - Ozocubu's Armour      Ice            63%        N/A       1%          3
d - Hailstorm             Conj/Ice       47%        3d11      1%          4

Your spell library contained the following spells:

 Spells                   Type           Power      Damage    Failure   Level
 Ice Form                 Ice/Tmut       38%        N/A       3%          4
 Summon Ice Beast         Ice/Summ       38%        N/A       3%          4


Dungeon Overview and Level Annotations

Branches:
Dungeon (1/1)

Altars:
Ashenzari
Cheibriados
Dithmenos
Elyvilon
Fedhas
Gozag
Hepliaklqana
Kikubaaqudgha
Makhleb
Nemelex Xobeh
Okawaru
Qazlal
Ru
Sif Muna
Trog
Uskayaw
Vehumet
Wu Jian
Xom
Yredelemnul
Zin
The Shining One
Beogh
Jiyva
Lugonu


Innate Abilities, Weirdness & Mutations

You are immune to sickness and miasma.
Your stone body is resilient. (AC +6)
You are immune to poison.
You resist negative energy. (rN+)
You are resistant to electric shocks. (rElec)
You are resistant to unholy torment.
You are immune to petrification.


Message History

You feel clever. x2
Unknown command.
A red film seems to cover your vision as you go berserk!
You feel yourself moving faster!
You feel mighty!
The troll shouts!
You hear a shout!
The freezing wraith completely resists.
The wall freezes the freezing wraith but does no damage.
The freezing wraith hits you but does no damage.
The freezing wraith misses you.
You hit the freezing wraith but do no damage.
You sock the freezing wraith!
The freezing wraith is moderately damaged.
The freezing wraith completely resists.
The wall freezes the freezing wraith but does no damage.
The freezing wraith hits you. The freezing wraith freezes you!
The freezing wraith hits you. The freezing wraith drains your vigour!
You feel yourself slow down.
You thump the freezing wraith!
The freezing wraith is heavily damaged.
The freezing wraith completely resists.
The wall freezes the freezing wraith but does no damage.
The freezing wraith hits you. The freezing wraith freezes you!!
* * * LOW HITPOINT WARNING * * *
The freezing wraith closely misses you.
You sock the freezing wraith!
The freezing wraith is severely damaged.
The freezing wraith completely resists.
The wall freezes the freezing wraith but does no damage.
The freezing wraith hits you but does no damage.
The freezing wraith closely misses you.
The wall freezes the troll!
Unknown command.
You closely miss the freezing wraith.
The freezing wraith is severely damaged.
A hornet comes into view.
The freezing wraith completely resists.
The wall freezes the freezing wraith but does no damage.
The freezing wraith hits you.
* * * LOW HITPOINT WARNING * * *
The freezing wraith freezes you!!
You die...

##.##................+
....'................+
#####......#..#......#
#..##................#
'..#####'#####''######
#'###.......##''#
...##.......##..##
...##.......##...##
#####...<...###.@.#
)[.##.......#
##WT......
)[.##.......#
..###+###
#####.......# ..## #..
##########..
#.############..
#.#....#..[.###y
#'#....#....# ##
#)')...'....#


You could see a freezing wraith, a troll and a hornet (wandering).

Vanquished Creatures
  Harold (D)
  Prince Ribbit (D)
  2 fire bats (D)
  A shadow (D)
  A water moccasin (D)
  A black bear (D)
  An orc warrior (D)
  A phantom (D)
  A scorpion (D)
  A hound (D)
  An iron imp (D)
  An orc priest (D)
  Terence (D)
  2 gnolls (D)
  An adder (D)
  An ufetubus (D)
  An adder skeleton (D)
  An orc (D)
  An endoplasm (D)
  A goblin (D)
  2 hobgoblins (D)
  A ball python skeleton (D)
  2 frilled lizards (D)
  A rat (D)
28 creatures vanquished.

Notes
Turn   | Place    | Note
-------+----------+-------------------------------------------
     0 | D        | rocky1 the Gargoyle Ice Elementalist began the quest for
                  | the Orb.
     0 | D        | Reached XP level 1. HP: 10/10 MP: 3/3
    18 | D        | Found a bloodstained altar of Trog.
    18 | D        | Found a shimmering blue altar of Sif Muna.
    18 | D        | Found a viscous altar of Jiyva.
    18 | D        | Found a hazy altar of Hepliaklqana.
    18 | D        | Found an opulent altar of Gozag.
    19 | D        | Found a glowing golden altar of the Shining One.
    19 | D        | Found a glowing silver altar of Zin.
    19 | D        | Found a basalt altar of Yredelemnul.
    19 | D        | Found a shimmering altar of Xom.
    19 | D        | Found an ornate altar of the Wu Jian Council.
    19 | D        | Found a sacrificial altar of Ru.
    19 | D        | Found a stormy altar of Qazlal.
    19 | D        | Found an iron altar of Okawaru.
    19 | D        | Found a sparkling altar of Nemelex Xobeh.
    19 | D        | Found a burning altar of Makhleb.
    19 | D        | Found a blossoming altar of Fedhas.
    19 | D        | Found a white marble altar of Elyvilon.
    19 | D        | Found a shadowy altar of Dithmenos.
    19 | D        | Found a snail-covered altar of Cheibriados.
    21 | D        | Found a radiant altar of Vehumet.
    21 | D        | Found a corrupted altar of Lugonu.
    22 | D        | Found a hide-covered altar of Uskayaw.
    22 | D        | Found an ancient bone altar of Kikubaaqudgha.
    22 | D        | Found a broken altar of Ashenzari.
    24 | D        | Became a worshipper of Sif Muna the Loreminder
    80 | D        | Reached skill level 5 in Ice Magic
    80 | D        | Reached XP level 2. HP: 15/15 MP: 0/5
    80 | D        | Reached * piety under Sif Muna
    81 | D        | Reached skill level 6 in Ice Magic
   232 | D        | Noticed a scorpion
   240 | D        | Killed a scorpion
   241 | D        | Reached skill level 8 in Ice Magic
   241 | D        | Reached XP level 3. HP: 5/19 MP: 3/6
   241 | D        | Reached XP level 4. HP: 7/24 MP: 3/7
   247 | D        | Reached ** piety under Sif Muna
   248 | D        | Reached skill level 9 in Ice Magic
   556 | D        | Reached skill level 10 in Ice Magic
   652 | D        | Learned a level 3 spell: Frozen Ramparts
   656 | D        | Learned a level 3 spell: Ozocubu's Armour
   665 | D        | Noticed an orc warrior
   669 | D        | Noticed a phantom
   670 | D        | Reached XP level 5. HP: 28/28 MP: 4/8
   672 | D        | Noticed Terence
   673 | D        | Reached *** piety under Sif Muna
   674 | D        | Killed an orc warrior
   675 | D        | Reached skill level 12 in Ice Magic
   675 | D        | Reached XP level 6. HP: 20/32 MP: 0/9
   678 | D        | Reached **** piety under Sif Muna
   680 | D        | Killed Terence
   709 | D        | Reached skill level 13 in Ice Magic
   910 | D        | Reached skill level 1 in Invocations
  1332 | D        | Noticed Harold
  1341 | D        | Killed Harold
  1342 | D        | Reached skill level 15 in Ice Magic
  1342 | D        | Reached XP level 7. HP: 29/36 MP: 1/16
  1342 | D        | Reached XP level 8. HP: 33/41 MP: 1/17
  1454 | D        | Learned a level 4 spell: Hailstorm
  1558 | D        | Noticed Prince Ribbit
  1562 | D        | Reached skill level 1 in Fighting
  1562 | D        | Reached skill level 1 in Conjurations
  1562 | D        | Reached ***** piety under Sif Muna
  1567 | D        | Received a gift from Sif Muna
  1571 | D        | Killed Prince Ribbit
  1970 | D        | Noticed a shadow
  1978 | D        | Killed a shadow
  2301 | D        | Noticed a freezing wraith
  2301 | D        | Noticed a troll
  2304 | D        | Reached XP level 9. HP: 41/52 MP: 13/20
  2309 | D        | Noticed a hornet
  2309 | D        | Slain by a freezing wraith

Illustrated notes

Levels and vault maps discovered:
D:        pitsprint [storerooms_1, entrance_room_1, metal_vault_5, armoury_2,
          mini_pit_1, grid_room_1, main_hall_1, silver_pit, the_coven_3,
          the_vestibule_1, steel_vault_5, golden_pit, hallway_of_sentries,
          crystal_vault_6, iron_vault_5, final_vault]

Skill      XL: |  1  2  3  4  5  6  7  8 |
---------------+-------------------------+-----
Ice Magic      | 5 8 10 12 15 | 15.6
Invocations    | 6 8 |  8.4
Spellcasting   | 6 7 |  7.5
Fighting       | 4 |  4.5
Conjurations   | 4 |  4.5
Dodging        | |  1.6
Stealth        | |  2.2

Action                   |  1- 3 |  4- 6 |  7- 9 || total
-------------------------+-------+-------+-------++-------
Melee: Quarterstaff      |     2 |    37 |    13 ||    52
 Cast: Freeze            |    12 |    15 |     1 ||    28
       Frozen Ramparts   |       |     5 |     4 ||     9
       Ozocubu's Armour  |       |     2 |     3 ||     5
       Hailstorm         |       |       |     3 ||     3
  Use: Potion            |     1 |     5 |     2 ||     8
Armor: Robe              |     5 |    12 |    12 ||    29
Dodge: Dodged            |     7 |    29 |    10 ||    46

Table legend: (Time is in decaauts)
 A = Elapsed time spent in this place.
 B = Non-inter-level travel time spent in this place.
 C = Inter-level travel time spent in this place.
 D = Time resting spent in this place.
 E = Time spent auto-exploring this place.
 F = Levels seen in this place.
 G = Mean time per level.
                   A        B        C        D        E       F      G
               +--------+--------+--------+--------+--------+-----+--------+
         Total |   2313 |   2263 |     50 |   1879 |      0 |   1 | 2313.0 |
       Dungeon |   2313 |   2263 |     50 |   1879 |      0 |   1 | 2313.0 |
               +--------+--------+--------+--------+--------+-----+--------+

Top non-repeatable levels by time:
       D: 2313 daAuts
